 Dungeon Crawl Stone Soup version 0.27-a0-1529-g1e82c303ef (webtiles) character file.

Game seed: 1406201540551496235

154 ktje the Firebug (level 5, -2/39 HPs)
             Began as a Draconian Fire Elementalist on July 10, 2021.
             Was an Initiate of Vehumet.
             Succumbed to a hornet's poison
             ... on level 4 of the Dungeon on July 12, 2021.
             The game lasted 00:20:43 (3971 turns).

ktje the Firebug (Draconian Fire Elementalist)      Turns: 3971, Time: 00:20:44

Health: -2/39      AC:  6    Str: 10    XL:     5   Next: 13%
Magic:  4/9        EV: 12    Int: 23    God:    Vehumet [......]
Gold:   162        SH:  0    Dex: 11    Spells: 3/10 levels left

rFire    . . .     SeeInvis +   a - +0 dire flail
rCold    . . .     Faith    .   (shield currently unavailable)
rNeg     . . .     Spirit   .   (armour unavailable)
rPois    .         Reflect  .   (helmet restricted)
rElec    .         Harm     .   (no cloak)
rCorr    .         Rampage  .   i - +0 pair of gloves
Will     .....                  (no boots)
Stlth    ++........             (no amulet)
HPRegen  0.13/turn              g - ring of Uzumanoq {Int+6 SInv}
MPRegen  0.11/turn              (no ring)

@: lethally poisoned (-2 -> -12), slowed, very slow
A: AC +5, unfitting armour, cold-blooded
a: Renounce Religion


You were on level 4 of the Dungeon.
You worshipped Vehumet.
Vehumet was noncommittal.
You visited 2 branches of the dungeon, and saw 5 of its levels.

You collected 162 gold pieces.

Inventory:

Hand Weapons
 a - a +0 dire flail (weapon)
 c - a +0 hand crossbow
 h - a +0 hunting sling
 k - a +0 whip of electrocution
Missiles
 b - 144 stones
 d - 62 arrows
 f - 42 sling bullets
Armour
 i - a +0 pair of gloves (worn)
Jewellery
 g - the ring of Uzumanoq (left hand) {Int+6 SInv}
   (You acquired it on level 2 of the Dungeon)

   [ring of intelligence]

   Int:       It affects your intelligence (+6).
   SInv:      It lets you see invisible.
Scrolls
 j - a scroll of immolation {unknown}
Potions
 e - 2 potions of heal wounds


   Skills:
 + Level 0.5 Fighting
 + Level 0.6 Maces & Flails
 + Level 2.2 Dodging
 + Level 1.9 Stealth
 + Level 3.3 Spellcasting
 + Level 2.1 Conjurations
 + Level 4.0 Fire Magic


You had 3 spell levels left.
You knew the following spells:

 Your Spells              Type           Power      Damage    Failure   Level
a - Foxfire               Conj/Fire      72%        2x1d7     3%          1
b - Conjure Flame         Conj/Fire      18%        6-21      10%         3
c - Inner Flame           Hex/Fire       13%        N/A       14%         3

Your spell library contained the following spells:

 Spells                   Type           Power      Damage    Failure   Level
 Sticky Flame             Conj/Fire      18%        2d4       30%         4
 Fireball                 Conj/Fire      9%         3d6       65%         5


Dungeon Overview and Level Annotations

Branches:
Dungeon (4/15)             Temple (1/1) D:4

Altars:
Cheibriados
Dithmenos
Fedhas
Gozag
Hepliaklqana
Qazlal
Ru
Uskayaw
Vehumet
Wu Jian
Xom
Yredelemnul
Zin
The Shining One

Annotations:
D:2 1 runed translucent door, Crazy Yiuf


Innate Abilities, Weirdness & Mutations

Your plain brown scales are hard. (AC +5)
You cannot fit into any form of body armour.
You are cold-blooded and may be slowed by cold attacks.


Message History

You start resting.
A hobgoblin comes into view.
You conjure some foxfire!
You conjure some foxfire!
A hornet comes into view.
The foxfire hits the hobgoblin but does no damage.
The foxfire hits the hobgoblin.
The hobgoblin is moderately wounded.
The foxfire hits the hobgoblin.
The hobgoblin is severely wounded.
The foxfire hits the hornet but does no damage.
The hornet stings you.
You feel yourself slow down. The hornet stings you.
You feel as though you will be slow longer.
Things that are here:
a +0 dagger; a goblin skeleton You closely miss the hornet.
You feel yourself speed up. The hornet barely misses you.
The hornet misses you. The hornet closely misses you.
You hit the hornet but do no damage. The hornet barely misses you.
The hornet stings you but does no damage.
There is a stone staircase leading up here.
The hornet stings you!
You feel yourself slow down. The hornet stings you.
You feel as though you will be slow longer.
You climb upwards.
The hobgoblin hits you but does no damage.
The sky beast hits you but does no damage.
The hobgoblin misses you. The sky beast barely misses you.
There is a stone staircase leading down here.
The hornet stings you!
* * * LOW HITPOINT WARNING * * *
You are lethally poisoned!
You feel as though you will be slow longer.
The hobgoblin hits you but does no damage.
The sky beast hits you but does no damage.
The hornet completely misses you.
The hobgoblin hits you but does no damage.
You climb downwards.
You die...

#.......# ...
##.8.8.8.# ... #
#...⌠.⌠..# ##.## .#
#..8.>.8.# #...#..
##...⌠.⌠†.###.....
##...8.8.8......#
##...............#
...............gY###.♣
######...######.@y...♣
#...# #.g.♣♣.♣ #.y.#
##.♣♣ #...# #.♣ #...#
#.. ........g.....
#.♣≈ .####.....####
##♣♣ ##...## .....


You could see a hornet, a sky beast and 2 hobgoblins.

Vanquished Creatures
  A water moccasin skeleton (D:4)
  Robin (D:2)
  3 adders (D:2)
  An ufetubus (D:4)
  A worm (D:3)
  A dart slug (D:2)
  An orc (D:4)
  6 endoplasms
  A giant cockroach (D:3)
  14 goblins
  7 hobgoblins
  3 kobolds (D:2)
  3 quokkas
  5 ball pythons
  5 bats
  5 rats
58 creatures vanquished.

Vanquished Creatures (others)
  196 foxfires
  4 plants (D:3)
200 creatures vanquished.

Grand Total: 258 creatures vanquished

Notes
Turn   | Place    | Note
-------+----------+-------------------------------------------
     0 | D:1      | ktje the Draconian Fire Elementalist began the quest for
                  | the Orb.
     0 | D:1      | Reached XP level 1. HP: 14/14 MP: 3/3
   459 | D:1      | Reached XP level 2. HP: 22/22 MP: 0/5
  1515 | D:2      | Found a runed translucent door.
  1516 | D:2      | Noticed Crazy Yiuf
  1622 | D:2      | Reached XP level 3. HP: 27/27 MP: 0/6
  1801 | D:2      | Found a faded altar of an unknown god.
  2313 | D:2      | Reached XP level 4. HP: 34/34 MP: 3/8
  2387 | D:2      | Identified a scroll of acquirement
  2388 | D:2      | Acquired the ring of Uzumanoq {Int+6 SInv}
  2479 | D:2      | Learned a level 3 spell: Conjure Flame
  2483 | D:2      | Noticed Robin
  2507 | D:2      | Killed Robin
  3001 | D:3      | Noticed a sky beast
  3390 | D:2      | Upgraded the game from 0.27-a0-1525-g1038ab4fd7 to
                  | 0.27-a0-1529-g1e82c303ef
  3701 | D:3      | Learned a level 3 spell: Inner Flame
  3743 | D:4      | Found a staircase to the Ecumenical Temple.
  3754 | D:4      | Reached XP level 5. HP: 39/39 MP: 1/9
  3828 | Temple   | Entered the Ecumenical Temple
  3909 | Temple   | Became a worshipper of Vehumet
  3946 | D:4      | Reached skill level 4 in Fire Magic
  3953 | D:4      | Noticed a hornet
  3971 | D:4      | Succumbed to a hornet's poison

Illustrated notes

Levels and vault maps discovered:
D:1:      elethiomel_arrival_shortcut, layout_loops_cross, serial_rivers,
          chequers_serial_rivers_small_a, chequers_serial_rivers_micro_b,
          chequers_serial_rivers_large_b, chequers_serial_rivers_micro_b,
          chequers_serial_rivers_small_3
D:2:      layout_basic, dreamdust_ecumenical_altar_hidden_monk_grotto,
          minmay_increasing_density, uniq_crazy_yiuf_cottage, uniq_robin
D:3:      layout_basic, nicolae_kikubaaqudgha_miasma_corner,
          serial_bayou_pond_a, hangedman_decor_push, kennysheep_nub,
          minmay_cut_off
D:4:      minmay_octagon_keep, layout_loops_cross,
          mainiacjoe_overflow_divided_tiny,
          minmay_temple_entry_statues_fountains, serial_bayou_crossing
Temple:   eino_temple_lava

Skill      XL: |  1  2  3  4  5 |
---------------+----------------+-----
Dodging        | 2 |  2.2
Spellcasting   | 3 |  3.3
Conjurations   | 2 |  2.1
Fire Magic     | 4 |  4.0
Fighting       | |  0.5
Maces & Flails | |  0.6
Stealth        | |  1.9

Action                   |  1- 3 |  4- 6 || total
-------------------------+-------+-------++-------
Melee: Unarmed           |     5 |       ||     5
       Dire flail        |    28 |    10 ||    38
       Tailslap          |     2 |       ||     2
 Cast: Foxfire           |    84 |    59 ||   143
       Conjure Flame     |       |     3 ||     3
       Inner Flame       |       |     1 ||     1
  Use: Scroll            |     3 |     2 ||     5
Armor: Skin              |    17 |     9 ||    26
Dodge: Dodged            |    33 |    17 ||    50

Table legend: (Time is in decaauts)
 A = Elapsed time spent in this place.
 B = Non-inter-level travel time spent in this place.
 C = Inter-level travel time spent in this place.
 D = Time resting spent in this place.
 E = Time spent auto-exploring this place.
 F = Levels seen in this place.
 G = Mean time per level.
                   A        B        C        D        E       F      G
               +--------+--------+--------+--------+--------+-----+--------+
         Total |   4018 |   3857 |    161 |   1542 |   1759 |   5 |  803.6 |
       Dungeon |   3928 |   3774 |    154 |   1542 |   1694 |   4 |  982.0 |
        Temple |     89 |     82 |      7 |      0 |     65 |   1 |   89.0 |
               +--------+--------+--------+--------+--------+-----+--------+

Top non-repeatable levels by time:
     D:2: 1953 daAuts
     D:1: 1308 daAuts
     D:3: 500 daAuts
     D:4: 166 daAuts
  Temple: 89 daAuts
